 Dungeon Crawl Stone Soup version 0.31.0-7-gf635a9b802 (webtiles) character file.

Game seed: 3718977558096904159

2257 Sweeb the Insei (level 9, -1/59 HPs)
             Began as an Octopode Shapeshifter on Jan 24, 2024.
             Slain by a yak (6 damage)
             ... on level 6 of the Dungeon.
             The game lasted 00:08:29 (4354 turns).

Sweeb the Insei (Octopode Shapeshifter)             Turns: 4354, Time: 00:08:30

Health: -1/59      AC:  1    Str: 14    XL:     9   Next: 37%
Magic:  9/9        EV: 20    Int: 12    God:
Gold:   226        SH:  0    Dex: 15    Spells: 8/8 levels left

rFire   . .          .
                       - Unarmed
rCold   . . .        (no shield)
rNeg    . . .        (helmet currently unavailable)
rPois   .            (no amulet)
rElec   .            i - +5 ring of evasion
rCorr   .            (no ring)
SInv    .            (no ring)
Will    .....        (no ring)
Stlth   ++++         (no ring)
HPRegen 0.29/turn    (no ring)
MPRegen 0.11/turn    (no ring)
                     (no ring)

%: no passive effects
@: beast-form
A: beast (slay +3), almost no armour, amphibious, 8 rings, camouflage 1,
gelatinous body 1, (nimble swimmer 1), tentacles
a: Begin Untransformation


You were on level 6 of the Dungeon.
You were a hulking beast.
You visited 1 branch of the dungeon, and saw 6 of its levels.
You also visited: Ossuary.

You collected 226 gold pieces.

Inventory:

Missiles
 p - a throwing net (quivered)
Armour
 u - a +1 hat of stealth
Jewellery
 h - an amulet of faith
 i - a +5 ring of evasion (left tentacle)
Talismans
 b - a beast talisman
 c - a flux talisman
 o - a dragon-blood talisman
 t - a serpent talisman
Wands
 r - a wand of roots (8)
 s - a wand of flame (16)
Scrolls
 d - a scroll of blinking
 e - a scroll of silence
 k - 5 scrolls of teleportation
 l - a scroll of poison
 n - a scroll of revelation
Potions
 a - a potion of lignification
 g - 2 potions of curing
 j - a potion of resistance
 m - a potion of haste {unknown}
 q - 3 potions of might {unknown}
 v - 2 potions of magic {unknown}
 w - 4 potions of brilliance {unknown}


   Skills:
 + Level 4.6 Fighting
 + Level 5.0 Dodging
 + Level 6.3 Stealth
 * Level 7.3 Unarmed Combat
 * Level 6.4 Shapeshifting


You had 8 spell levels left.
You didn't know any spells.
Your spell library contained the following spells:

 Spells                   Type           Power      Damage    Failure   Level
 Sublimation of Blood     Necr           0%         N/A       45%         2
 Summon Ice Beast         Ice/Summ       0%         N/A       69%         3
 Animate Dead             Necr           0%         N/A       97%         4
 Passage of Golubria      Tloc           0%         N/A       97%         4
 Petrify                  Alch/Erth      0%         N/A       97%         4
 Borgnjor's Vile Clutch   Necr/Erth      0%         N/A       100%        5
 Irradiate                Conj/Alch      0%         3d11      100%        5
 Silence                  Hex/Air        0%         N/A       100%        5
 Summon Mana Viper        Hex/Summ       0%         N/A       100%        5
 Death Channel            Necr           0%         N/A       100%        6
 Monstrous Menagerie      Summ           0%         N/A       100%        7
 Lehudib's Crystal Spear  Conj/Erth      0%         10d2      100%        8


Dungeon Overview and Level Annotations

Branches:
Dungeon (6/15)            Ossuary (visited)
 Temple: D:4-7

Altars:
Kikubaaqudgha
Xom
Zin

Shops:
D:4 :(

Annotations:
D:5 3 runed translucent doors, sasquatch's ghost, amateur MiFi


Innate Abilities, Weirdness & Mutations

You are a hulking beast.
Your limbs bulge with bestial killing power. (Slay +3)
You cannot wear most types of armour.
You are amphibious.
You can wear up to eight rings at the same time.
Your skin changes colour to match your surroundings (Stealth+).
Your rubbery body absorbs attacks. (AC +1, EV +1)
((You are camouflaged when in or above water. (Stealth+)))
You have tentacles for arms and can constrict up to eight enemies at once.


Message History

The yak is almost dead.
The yak completely misses you.
You tentacle-slap the yak.
You kill the yak!
Your Dodging skill increases to level 5!
You bludgeon the yak! You squeeze the yak.
The yak is moderately wounded.
The yak gores you!
You tentacle-slap the yak. x2; You squeeze the yak!
The yak is severely wounded.
The yak completely misses you.
You bludgeon the yak!
The yak is almost dead.
You barely miss the yak.
The yak is almost dead.
The yak completely misses you.
You bludgeon the yak!
You kill the yak!
You tentacle-slap the yak but do no damage.
The yak gores you!
You bludgeon the yak!
The yak is moderately wounded.
The yak closely misses you.
You tentacle-slap the yak but do no damage.
The yak is moderately wounded.
The yak gores you!
* * * LOW HITPOINT WARNING * * *
You bludgeon the yak! You squeeze the yak.
The yak is severely wounded.
The yak misses you.
You barely miss the yak.
The yak is severely wounded.
The yak gores you.
* * * LOW HITPOINT WARNING * * *
Okay, then.
Unknown command.
You bludgeon the yak! You tentacle-slap the yak.
The yak is almost dead.
The yak gores you.
You die...

######## #.....<#
#h###### #Y#
######
####)####.....
#....)....#######
#.##...(.........
# ##....Y#######
#........##
##.#####.# # ..#


You could see a yak.

Vanquished Creatures
  Grinder (D:5)
  3 yaks (D:6)
  3 water moccasins (D:5)
  2 black bears (D:5)
  A phantom (D:4)
  2 elf zombies (Ossuary)
  2 wights (D:6)
  A bombardier beetle (D:5)
  3 hounds
  2 centaur zombies (Ossuary)
  3 human zombies
  A jelly (D:5)
  2 iguanas
  Ijyb (D:4)
  6 orc wizards
  Natasha (D:3)
  6 hound zombies (Ossuary)
  2 mummies (Ossuary)
  5 adders
  7 adder zombies (Ossuary)
  A dart slug (D:5)
  A ribbon worm (D:2)
  11 orcs
  A ball python (D:1)
  6 bats
  4 endoplasms
  3 giant cockroaches
  4 goblins
  4 hobgoblins
  6 jackals
  A quokka (D:1)
  5 frilled lizards
  5 gnoll zombies (Ossuary)
  A jackal zombie (Ossuary)
  4 kobolds
  3 kobold zombies (Ossuary)
  8 orc zombies (Ossuary)
  A rat (D:2)
123 creatures vanquished.

Notes
Turn   | Place    | Note
-------+----------+-------------------------------------------
     0 | D:1      | Sweeb the Octopode Shapeshifter began the quest for the
                  | Orb.
     0 | D:1      | Reached XP level 1. HP: 13/13 MP: 1/1
   246 | D:1      | Reached XP level 2. HP: 18/18 MP: 2/2
   293 | D:1      | Reached skill level 1 in Stealth
   776 | D:2      | Found an ancient bone altar of Kikubaaqudgha.
   836 | D:2      | Reached XP level 3. HP: 23/23 MP: 3/3
  1128 | D:2      | You fall into a shaft and drop 1 floor!
  1158 | D:3      | Found a shimmering altar of Xom.
  1169 | D:3      | Noticed Natasha
  1491 | D:3      | Killed Natasha
  1492 | D:3      | Reached XP level 4. HP: 26/29 MP: 4/4
  1576 | D:3      | Reached skill level 4 in Unarmed Combat
  1748 | D:3      | Found a glowing silver altar of Zin.
  1782 | D:3      | Reached XP level 5. HP: 22/34 MP: 5/5
  1946 | D:4      | Noticed Ijyb
  1948 | D:4      | Noticed a phantom
  1954 | D:4      | Killed Ijyb
  2248 | D:4      | Killed a phantom
  2249 | D:4      | Reached XP level 6. HP: 38/40 MP: 6/6
  2278 | D:4      | Found Bisiust's Book Shoppe.
  2308 | D:4      | Found Xytzeom's Antique Weapon Emporium.
  2740 | D:5      | Entered Level 5 of the Dungeon
  2801 | D:5      | Noticed Grinder
  2805 | D:5      | Paralysed by Grinder for 4 turns
  2811 | D:5      | Paralysed by Grinder for 4 turns
  2822 | D:5      | Killed Grinder
  2823 | D:5      | Reached skill level 5 in Unarmed Combat
  2823 | D:5      | Reached XP level 7. HP: 45/45 MP: 7/7
  3054 | D:5      | Reached XP level 8. HP: 52/52 MP: 8/8
  3126 | D:5      | Found a runed translucent gate.
  3126 | D:5      | Found a runed translucent gate.
  3126 | D:5      | Found a runed translucent gate.
  3127 | D:5      | Noticed sasquatch's ghost (amateur MiFi)
  3151 | D:5      | Reached skill level 5 in Shapeshifting
  3211 | D:5      | Found a sand-covered staircase.
  3227 | Ossuary  | Entered an ossuary
  3305 | Ossuary  | Reached skill level 6 in Unarmed Combat
  3452 | Ossuary  | Reached skill level 5 in Stealth
  3593 | Ossuary  | Identified a scroll of acquirement
  3593 | Ossuary  | Acquired a +1 hat of stealth
  3752 | D:5      | Reached XP level 9. HP: 37/58 MP: 9/9
  4181 | D:6      | Reached skill level 7 in Unarmed Combat
  4344 | D:6      | Reached skill level 5 in Dodging
  4354 | D:6      | Slain by a yak

Illustrated notes

Levels and vault maps discovered:
D:1:      scummos_arrival_hexagon, layout_loops_ring
D:2:      layout_basic, basic_altar, minmay_parallelograms
D:3:      layout_basic, zin_scriptorium, mainiacjoe_overflow_alcove_4,
          uniq_natasha
D:4:      layout_cave_pools, serial_shops, nicolae_shop_back_alley_shop,
          nicolae_shop_peninsula, uniq_ijyb
D:5:      layout_cave_pools, enter_ossuary_3, ebering_ghost_rock_garden,
          minmay_crossroads, uniq_grinder
D:6:      layout_basic

Skill      XL: |  1  2  3  4  5  6  7  8  9 |
---------------+----------------------------+-----
Stealth        | 1 2 3 4 5 6 |  6.3
Unarmed Combat | 4 5 6 7 |  7.3
Fighting       | 2 3 4 |  4.6
Dodging        | 3 4 5 |  5.0
Shapeshifting  | 4 6 |  6.4

Action                     |  1- 3 |  4- 6 |  7- 9 || total
---------------------------+-------+-------+-------++-------
  Melee: Unarmed           |    50 |    77 |   186 ||   313
         Tentacles         |     8 |    19 |    59 ||    86
         Constrict         |    11 |    20 |    49 ||    80
         Punch             |       |     1 |    14 ||    15
    Use: Scroll            |     3 |     5 |     3 ||    11
         Potion            |       |     3 |     7 ||    10
   Stab: Sleeping          |    11 |     3 |     1 ||    15
         Distracted        |     1 |       |       ||     1
 Armour: Skin              |    14 |    22 |    81 ||   117
  Dodge: Dodged            |    23 |    56 |   196 ||   275
